Map: Frost LE

Players

Scorpion

  • Race: Zerg Zerg
  • League: Diamond

llllllllllll - Winner!

  • Race: Protoss Protoss
  • League: Diamond

VOD

Have the link to the VOD?

Description

Time

  • Played on: July 24, 2016, 11:03 a.m.
  • Length: 14:35
Show
View Real Time Build Order
Export as new Build Order

Scorpion Zerg 

Build Orders: Pool First 

Get SALT Encoding   

  12  0:09  Drone x2  
  12  0:13  Extractor  
  13  0:16  Drone  
  15  0:32  Spawning Pool  
  14  0:42  Overlord  
  14  0:45  Extractor  
  14  0:46  Drone  
  14  0:47  Extractor  
  15  1:01  Drone x2  
  17  1:15  Hatchery  
  16  1:19  Drone  
  16  1:23  Drone  
  18  1:28  Drone  
  19  1:37  Zergling x2  
  20  1:44  Queen  
  22  1:59  Hatchery  
  21  2:03  Overlord  
  21  2:07  Drone  
  22  2:25  Queen  
  24  2:30  Drone x2  
  24  2:31  Drone  
  24  2:32  Drone  
  28  2:41  Drone  
  28  2:43  Drone  
  30  2:44  Queen  
  30  2:49  Drone  
  33  2:53  Overlord  
  33  2:58  Extractor  
  33  2:59  Extractor  
  33  3:02  Overlord  
  33  3:04  Drone  
  33  3:05  Drone x2  
  33  3:10  Drone  
  35  3:13  Drone  
  35  3:14  Drone  
  37  3:29  Drone x5  
  37  3:30  Drone  
  37  3:31  Spore Crawler  
  42  3:37  Zergling x4  
  44  3:42  Spore Crawler  
  43  3:50  Lair  
  43  3:51  Drone x3  
  43  3:52  Drone  
  47  3:59  Roach Warren  
  46  4:07  Spore Crawler, Drone x3  
  46  4:09  Drone  
  49  4:20  Drone x3  
  49  4:21  Drone x4  
  56  4:38  Metabolic Boost  
  55  4:39  Drone x2  
  57  4:53  Spine Crawler  
  57  4:57  Glial Reconstitution  
  57  4:58  Drone  
  57  4:59  Hydralisk Den  
  56  5:02  Overlord x3  
  56  5:21  Roach x5  
  62  5:22  Zergling x4, Roach x3  
  62  5:23  Zergling x10  
  79  5:33  Overseer  
  79  5:34  Zergling x4  
  81  5:45  Zergling x2, Extractor  
  81  5:46  Extractor, Overlord x2  
  80  5:53  Ravager  
  80  5:56  Overseer  
  81  6:03  Overseer  
  81  6:04  Zergling x4  
  81  6:05  Zergling x16  
  92  6:11  Drone x2  
  93  6:25  Overlord x4  
  93  6:39  Spore Crawler  
  92  6:40  Overlord  
  92  6:41  Overlord  
  92  6:49  Spore Crawler  
  92  6:50  Spore Crawler  
  92  6:52  Hydralisk x4  
  92  6:53  Hydralisk x6  
  107  6:55  Hydralisk  
  95  7:06  Spore Crawler  
  95  7:07  Spore Crawler  
  93  7:15  Lair  
  93  7:17  Hydralisk x2  
  93  7:22  Drone x2  
  99  7:23  Drone x3  
  102  7:36  Drone x2  
  104  7:37  Hatchery  
  97  8:01  Zergling x10  
  87  8:08  Zergling x6  
  87  8:11  Drone x2  
  87  8:12  Drone x2  
  62  8:26  Spore Crawler, Drone x3  
  52  8:44  Drone x2  
  52  8:45  Drone x3  
  55  8:49  Zergling x2  
  55  8:55  Drone x2  
  58  8:57  Drone  
  58  8:59  Drone x3  
  58  9:01  Spire  
  58  9:02  Spore Crawler  
  57  9:21  Drone x5  
  57  9:22  Drone  
  63  9:25  Drone x3  
  63  9:26  Drone x5  
  71  9:36  Spore Crawler  
  70  9:39  Hatchery  
  70  9:40  Zergling x4  
  70  9:41  Zergling x2  
  57  10:15  Mutalisk x2, Spore Crawler  
  57  10:16  Mutalisk x2, Corruptor x3  
  57  10:17  Hatchery  
  57  10:18  Spore Crawler  
  61  10:23  Queen x2  
  61  10:26  Drone x4  
  61  10:27  Drone  
  61  10:28  Spore Crawler  
  62  10:38  Mutalisk x2  
  62  10:39  Mutalisk  
  62  10:40  Mutalisk  
  70  10:55  Mutalisk  
  70  10:56  Mutalisk x3  
  78  11:06  Spore Crawler  
  78  11:08  Spore Crawler, Drone x3  
  79  11:13  Mutalisk  
  83  11:25  Zergling x4  
  67  11:38  Drone x6  
  67  11:39  Drone  
  74  11:45  Drone x3  
  74  11:46  Drone  
  76  11:55  Zergling x6  
  76  11:56  Hatchery  
  78  12:02  Drone x2  
  78  12:03  Drone  
  81  12:13  Drone x3  
  78  12:30  Zerg Flyer Weapons Level 1, Drone x2  
  78  12:31  Drone  
  81  12:56  Mutalisk x5  
  81  12:57  Mutalisk x4  
  81  12:58  Hatchery  
  76  13:07  Drone  
  77  13:17  Drone x2  
  77  13:19  Spore Crawler  
  78  13:20  Spore Crawler  
  78  13:21  Spore Crawler x3  
  78  13:23  Corruptor  
  76  13:27  Drone x2  
  76  13:28  Drone  
  74  13:48  Hydralisk x3  
  63  13:57  Spore Crawler, Drone x2  
  64  14:08  Hydralisk  
  64  14:09  Hydralisk  
  56  14:15  Drone x2  
Show
View Real Time Build Order
Export as new Build Order

llllllllllll Protoss - Winner!

Build Orders:  

Get SALT Encoding   

  12  0:01  Probe (Chrono Boost)  
  13  0:12  Probe (Chrono Boost)  
  14  0:22  Probe (Chrono Boost)  
  15  0:32  Pylon  
  15  0:50  Probe (Chrono Boost)  
  16  0:58  Gateway  
  16  1:01  Probe (Chrono Boost)  
  17  1:05  Assimilator  
  17  1:10  Assimilator  
  18  1:11  Probe (Chrono Boost)  
  18  1:22  Probe (Chrono Boost)  
  19  1:32  Probe (Chrono Boost)  
  20  1:43  Probe (Chrono Boost)  
  21  1:48  Nexus  
  21  1:58  Cybernetics Core  
  21  2:05  Pylon  
  21  2:08  Probe (Chrono Boost)  
  22  2:18  Probe (Chrono Boost)  
  23  2:35  Stalker  
  26  2:48  Mothership Core (Chrono Boost)  
  27  2:57  Forge  
  27  3:08  Probe (Chrono Boost)  
  27  3:10  Probe (Chrono Boost)  
  29  3:12  Assimilator  
  29  3:18  Probe (Chrono Boost)  
  30  3:21  Probe (Chrono Boost)  
  31  3:28  Pylon  
  31  3:29  Probe (Chrono Boost)  
  31  3:31  Probe (Chrono Boost)  
  31  3:32  Assimilator  
  33  3:38  Photon Cannon  
  33  3:39  Probe (Chrono Boost)  
  34  3:42  Probe (Chrono Boost)  
  35  3:57  Stargate  
  35  3:59  Stargate  
  35  4:00  Stargate  
  35  4:03  Probe (Chrono Boost)  
  35  4:05  Probe (Chrono Boost)  
  37  4:14  Probe (Chrono Boost)  
  37  4:16  Probe (Chrono Boost)  
  39  4:24  Probe (Chrono Boost)  
  39  4:26  Probe (Chrono Boost), Pylon  
  39  4:28  Pylon  
  41  4:35  Probe (Chrono Boost)  
  41  4:37  Probe (Chrono Boost)  
  43  4:43  Photon Cannon  
  43  4:44  Oracle  
  43  4:45  Oracle  
  49  4:51  Oracle  
  52  4:54  Probe (Chrono Boost)  
  52  4:56  Probe (Chrono Boost)  
  54  5:05  Probe (Chrono Boost)  
  54  5:06  Pylon  
  56  5:07  Probe (Chrono Boost)  
  56  5:16  Probe (Chrono Boost)  
  56  5:20  Oracle  
  60  5:24  Oracle  
  60  5:26  Oracle  
  66  5:29  Photon Cannon  
  66  5:34  Photon Cannon  
  66  5:41  Photon Cannon  
  66  5:55  Pylon  
  66  5:56  Oracle  
  69  6:13  Oracle x2  
  75  6:27  Pylon  
  75  6:30  Pylon x2  
  75  6:31  Oracle  
  78  6:49  Oracle  
  81  7:01  Oracle  
  84  7:07  Oracle  
  87  7:24  Oracle  
  90  7:33  Nexus  
  90  7:36  Oracle  
  93  7:40  Pylon x2  
  93  7:49  Void Ray  
  78  8:23  Probe (Chrono Boost)  
  76  8:33  Probe (Chrono Boost)  
  76  8:44  Probe (Chrono Boost)  
  77  8:53  Pylon  
  77  8:54  Probe (Chrono Boost)  
  78  9:00  Probe (Chrono Boost)  
  78  9:02  Void Ray x3  
  83  9:05  Probe (Chrono Boost)  
  92  9:11  Probe (Chrono Boost)  
  92  9:15  Probe (Chrono Boost)  
  94  9:18  Pylon  
  94  9:21  Probe (Chrono Boost)  
  95  9:26  Probe (Chrono Boost)  
  95  9:31  Pylon  
  96  9:32  Probe (Chrono Boost)  
  97  9:39  Photon Cannon  
  97  9:40  Photon Cannon  
  97  9:42  Probe (Chrono Boost), Photon Cannon  
  97  9:45  Void Ray  
  102  9:54  Void Ray  
  100  10:25  Void Ray  
  104  10:40  Photon Cannon  
  104  10:42  Photon Cannon  
  104  10:44  Pylon  
  104  10:46  Photon Cannon  
  104  10:50  Photon Cannon  
  104  10:55  Phoenix  
  106  11:00  Assimilator  
  106  11:02  Probe (Chrono Boost)  
  107  11:04  Assimilator  
  107  11:13  Probe (Chrono Boost)  
  108  11:23  Probe (Chrono Boost)  
  97  11:37  Phoenix x3  
  91  12:02  Phoenix x3  
  97  12:09  Probe (Chrono Boost)  
  98  12:20  Probe (Chrono Boost)  
  98  12:22  Photon Cannon x2  
  99  12:25  Photon Cannon  
  99  12:27  Phoenix x2  
  103  12:33  Phoenix  
  105  12:52  Phoenix x2  
  103  13:09  Phoenix  
  105  13:17  Phoenix x2  
  109  13:24  Probe (Chrono Boost)  
  110  13:34  Phoenix  
  110  13:35  Probe (Chrono Boost)  
  113  13:42  Phoenix x2  
  113  13:45  Probe (Chrono Boost)  
  84  13:56  Probe (Chrono Boost)  
  84  13:59  Phoenix  
  87  14:06  Probe (Chrono Boost)  
  87  14:07  Phoenix x2  
Tags
 
Add a new tag
Caveats
  • Supply blocks, unpowered buildings, or Contaminate may cause inaccurate times.
  • Supply counts are checked every 10 seconds.